Map: Dusk Towers

Players

Hypno - Winner!

  • Race: Zerg Zerg
  • League: Diamond

Peppermint

  • Race: Terran Terran
  • League: Platinum

VOD

Have the link to the VOD?

Description

Time

  • Played on: April 15, 2016, 4:03 p.m.
  • Length: 11:19
Show
View Real Time Build Order
Export as new Build Order

Hypno Zerg - Winner!

Build Orders: Hatch First 

Get SALT Encoding   

  12  0:01  Drone  
  13  0:10  Drone  
  14  0:18  Overlord  
  14  0:36  Drone x3  
  17  0:47  Drone  
  18  1:00  Drone  
  19  1:05  Hatchery  
  19  1:09  Drone  
  19  1:22  Spawning Pool  
  19  1:23  Drone  
  19  1:24  Extractor  
  18  1:30  Drone  
  19  1:52  Drone  
  19  1:53  Hatchery  
  19  1:55  Drone  
  20  2:11  Queen, Roach Warren  
  20  2:13  Drone  
  22  2:23  Queen  
  24  2:31  Drone x2  
  24  2:34  Drone  
  24  2:37  Drone  
  28  2:43  Overlord  
  28  3:05  Spore Crawler  
  28  3:06  Drone x2  
  28  3:09  Drone x3  
  32  3:14  Spore Crawler  
  32  3:16  Drone  
  32  3:17  Drone  
  33  3:21  Roach  
  33  3:22  Roach  
  37  3:27  Queen  
  37  3:30  Zergling x2  
  40  3:34  Drone x2  
  40  3:40  Lair  
  42  3:53  Overlord  
  42  3:57  Overlord  
  42  4:02  Extractor x2  
  40  4:10  Overlord  
  40  4:13  Drone  
  40  4:14  Drone x5  
  47  4:17  Drone x2  
  47  4:19  Overlord  
  47  4:21  Roach  
  47  4:22  Roach  
  51  4:44  Hydralisk Den  
  50  4:46  Drone x5  
  50  4:47  Drone x8  
  63  5:02  Evolution Chamber  
  63  5:04  Evolution Chamber  
  63  5:05  Drone x2  
  63  5:17  Lurker Den  
  63  5:21  Drone x5  
  66  5:24  Extractor  
  66  5:25  Extractor  
  66  5:26  Hatchery  
  65  5:34  Zerg Ground Armor Level 1, Zerg Missile Weapons Level 1  
  65  5:48  Overlord x2  
  65  5:53  Overlord x2  
  65  5:54  Overlord  
  65  6:06  Infestation Pit  
  65  6:08  Drone x6  
  70  6:12  Drone x3, Extractor  
  70  6:15  Drone x8  
  70  6:17  Overlord  
  70  6:18  Overlord  
  80  6:24  Pneumatized Carapace  
  80  6:30  Drone  
  80  6:31  Drone x5  
  80  6:32  Overlord  
  86  6:34  Drone x2  
  86  6:36  Overlord  
  88  6:44  Hive  
  88  7:01  Hydralisk x3  
  88  7:03  Hydralisk x2  
  88  7:04  Hydralisk x3  
  104  7:10  Glial Reconstitution  
  104  7:19  Drone x3, Extractor  
  104  7:21  Extractor, Drone x2  
  104  7:22  Drone  
  108  7:23  Roach  
  108  7:24  Overlord x3, Roach x3  
  116  7:30  Zerg Missile Weapons Level 2, Zerg Ground Armor Level 2  
  116  7:32  Lurker  
  117  7:45  Roach  
  117  7:46  Roach x8  
  135  7:52  Roach x4  
  143  8:09  Roach x3  
  145  8:15  Roach x7  
  159  8:24  Overlord x2  
  159  8:31  Ravager  
  159  8:32  Ravager x2  
  160  8:43  Roach x6  
  160  8:44  Roach x2  
  176  8:52  Roach x4  
  176  8:53  Roach  
  158  9:04  Roach  
  158  9:05  Roach x4  
  158  9:06  Roach x3  
  168  9:23  Roach x4  
  176  9:42  Overlord  
  176  9:43  Overlord x6  
  139  10:13  Roach  
  139  10:14  Roach x3  
  130  10:22  Hydralisk  
  130  10:23  Hydralisk x18  
  130  10:27  Spine Crawler  
  167  10:31  Roach  
  169  10:36  Hatchery  
Show
View Real Time Build Order
Export as new Build Order

Peppermint Terran 

Build Orders: Reaper Expand, MMM Bio 

Get SALT Encoding   

  12  0:01  SCV  
  13  0:13  SCV  
  14  0:18  Supply Depot  
  14  0:25  SCV  
  15  0:40  SCV  
  15  0:41  Barracks  
  16  0:46  Refinery  
  16  0:52  SCV  
  17  1:04  SCV  
  18  1:16  SCV  
  19  1:29  Orbital Command  
  19  1:32  Reaper  
  20  1:48  Command Center  
  20  1:59  SCV  
  21  2:03  Supply Depot  
  21  2:07  Marine  
  22  2:20  SCV, Factory  
  22  2:21  Refinery  
  23  2:32  SCV  
  24  2:41  Barracks Reactor  
  24  2:44  SCV  
  25  2:56  SCV  
  26  3:03  Factory Tech Lab  
  26  3:05  Starport  
  26  3:08  SCV  
  27  3:16  Orbital Command  
  27  3:19  Marine x2  
  28  3:20  SCV  
  28  3:24  Bunker  
  30  3:29  Siege Tank  
  30  3:32  SCV  
  34  3:37  Marine x2  
  34  3:40  Supply Depot  
  36  3:44  SCV  
  36  3:48  Medivac  
  39  3:50  SCV  
  39  3:55  Marine x2  
  41  3:56  SCV  
  43  4:11  Command Center  
  43  4:16  Marine x2  
  45  4:18  SCV  
  45  4:19  SCV  
  47  4:25  Viking  
  47  4:30  SCV  
  50  4:31  SCV  
  50  4:37  Supply Depot  
  50  4:38  Factory Reactor  
  53  4:43  SCV x2  
  53  4:48  Stimpack  
  53  4:52  Refinery  
  53  4:54  Refinery  
  53  4:55  SCV  
  53  4:58  Marine, SCV  
  56  5:00  Supply Depot  
  56  5:07  SCV  
  56  5:10  SCV  
  58  5:16  Marine  
  59  5:24  Supply Depot, Barracks  
  59  5:26  Starport Reactor, Factory Tech Lab  
  59  5:28  SCV x2  
  61  5:29  Orbital Command, Barracks  
  61  5:36  Marine  
  61  5:40  SCV x2  
  64  5:46  Supply Depot x2  
  64  5:50  Engineering Bay  
  64  5:53  Engineering Bay  
  64  5:54  Marine  
  65  5:59  Barracks  
  65  6:02  Barracks  
  65  6:06  Medivac  
  65  6:09  Medivac  
  65  6:10  SCV  
  70  6:12  Marine  
  70  6:13  SCV  
  70  6:15  SCV  
  73  6:21  Marine x2  
  73  6:22  Marine, SCV  
  73  6:24  Marine  
  78  6:28  SCV x2  
  78  6:30  Marine  
  81  6:34  SCV  
  81  6:36  Siege Tank  
  81  6:39  Marine, Supply Depot  
  86  6:40  SCV  
  86  6:44  Supply Depot, Terran Infantry Weapons Level 1  
  86  6:46  Terran Infantry Armor Level 1  
  87  6:48  SCV  
  87  6:49  SCV  
  87  6:52  SCV, Barracks Tech Lab  
  87  6:53  Barracks Reactor  
  87  6:54  Marine  
  91  6:55  Marine  
  91  6:56  Marine  
  91  6:57  Marine  
  91  7:00  Marauder  
  96  7:07  Supply Depot  
  96  7:08  Liberator  
  96  7:10  Supply Depot  
  96  7:11  Marine  
  96  7:12  Siege Tank  
  100  7:20  Marine x2  
  100  7:21  Marine x2, Marauder  
  109  7:30  Supply Depot, Combat Shields  
  109  7:32  Concussive Shells  
  109  7:36  SCV  
  110  7:39  Marauder  
  110  7:44  Marine x5, Siege Tank  
  113  7:45  Marine  
  121  7:53  Marine  
  122  8:00  Marine  
  122  8:01  Marine  
  124  8:11  Marauder  
  125  8:18  Liberator x2  
  125  8:32  Marine x6  
  125  8:33  Marauder x2  
  135  8:34  Siege Tank  
  135  8:38  SCV x3  
  147  8:42  Refinery  
  147  8:46  Supply Depot  
  147  8:49  Supply Depot  
  147  8:50  SCV x2  
  147  8:55  Marauder x2  
  133  9:01  Liberator  
  131  9:05  Marine  
  131  9:06  Marine x5, Siege Tank  
  139  9:13  SCV x3  
  139  9:15  Marine, Factory  
  139  9:16  Marauder  
  140  9:23  Marine x2  
  140  9:24  Marine  
  143  9:34  Marauder  
  143  9:38  Marauder  
  137  10:06  Marine x4  
  133  10:07  Marine x2, Marauder x2  
  120  10:24  Medivac x2  
  120  10:25  Siege Tank  
  129  10:28  Marauder  
  129  10:29  Marauder  
  131  10:37  Marine  
  131  10:38  Marine x5  
  139  10:50  Marauder x2  
  139  10:55  Marine  
  139  10:56  Marine x3  
Tags
 
Add a new tag
Caveats
  • Supply blocks, unpowered buildings, or Contaminate may cause inaccurate times.
  • Supply counts are checked every 10 seconds.